3AA
BILLINGS POLAR BEARS @ SQUIRREL HILL PIEROGIS
07/25/2041
 
TOP OF THE 1ST
Billings Polar Bears batting - Pitching for Squirrel Hill Pierogis : LHP Javier Vallejo
Pitching: LHP Javier Vallejo
Batting: RHB Scot Roberts 0-0: Called Strike
0-1: Foul Ball, location: 2F
0-2: SINGLE (Groundball, 56, EV 108.8 MPH)
Batting: RHB Rubén Balderas 0-0: Swinging Strike
0-1: Called Strike
0-2: Strikes out swinging
Batting: RHB Danny Hensley 0-0: Called Strike
0-1: Foul Ball, location: 2F
0-2: Ball
1-2: Ball
2-2: TRIPLE (Flyball, 89XD, EV 109.4 MPH)
Scot Roberts scores
Batting: RHB Luke Crawford 0-0: Called Strike
0-1: Swinging Strike
0-2: SINGLE (Groundball, 6MD, EV 96.2 MPH)
Danny Hensley scores
Batting: LHB Carlos Rosário 0-0: Ball
1-0: Ball
2-0: Ball
3-0: Foul Ball, location: 2F
3-1: Called Strike
3-2: Strikes out swinging
Luke Crawford is caught stealing 2nd base 2-6
Batter strikes out.
Top of the 1st over - 2 runs, 3 hits, 0 errors, 0 left on base; Billings 2 - Squirrel Hill 0
BOTTOM OF THE 1ST
Squirrel Hill Pierogis batting - Pitching for Billings Polar Bears : LHP Carlos Menéndez
Pitching: LHP Carlos Menéndez
Batting: SHB Aubrey Magee 0-0: Ground out 6-3 (Groundball, 6, EV 105.6 MPH)
Batting: RHB Barend Huijbregts 0-0: Called Strike
0-1: Called Strike
0-2: Ball
1-2: Strikes out swinging
Batting: RHB Jerry Williams 0-0: Foul Ball, location: 2F
0-1: Called Strike
0-2: Ball
1-2: Ground out 6-3 (Groundball, 6, EV 80.6 MPH)
Bottom of the 1st over - 0 runs, 0 hits, 0 errors, 0 left on base; Billings 2 - Squirrel Hill 0
TOP OF THE 2ND
Billings Polar Bears batting - Pitching for Squirrel Hill Pierogis : LHP Javier Vallejo
Batting: RHB Kelly Johnson 0-0: SOLO HOME RUN (Flyball, 89XD, EV 106.9 MPH), Distance : 418 ft
Batting: LHB Augusto Reyes 0-0: Ball
1-0: Swinging Strike
1-1: Ball
2-1: Called Strike
2-2: Ball
3-2: Strikes out swinging
Batting: SHB Leonardo Rodríguez 0-0: Called Strike
0-1: Called Strike
0-2: Ball
1-2: Strikes out swinging
Batting: LHB Armando Ventura 0-0: Ball
1-0: Ball
2-0: Ball
3-0: Base on Balls
Batting: RHB Scot Roberts 0-0: Called Strike
0-1: SINGLE (Groundball, 56S, EV 68.1 MPH) (infield hit)
Armando Ventura to second
Batting: RHB Rubén Balderas 0-0: Ball
1-0: Fly out, F7 (Flyball, 7, EV 83.8 MPH)
Top of the 2nd over - 1 run, 2 hits, 0 errors, 2 left on base; Billings 3 - Squirrel Hill 0
BOTTOM OF THE 2ND
Squirrel Hill Pierogis batting - Pitching for Billings Polar Bears : LHP Carlos Menéndez
Batting: SHB Ron Carlisle 0-0: Called Strike
0-1: Swinging Strike
0-2: Ball
1-2: Fly out, F8 (Flyball, 78XD, EV 101.2 MPH)
Batting: LHB Adam Bisset 0-0: Called Strike
0-1: Foul Ball, location: 2F
0-2: Ball
1-2: Foul Ball, location: 2F
1-2: Ball
2-2: SINGLE (Groundball, 34D, EV 100.6 MPH)
Batting: RHB Franck Morel 0-0: Swinging Strike
0-1: Ball
1-1: Foul Ball, location: 2F
1-2: Ball
2-2: Ball
3-2: SINGLE (Line Drive, 4D, EV 96.2 MPH)
Adam Bisset to second
Batting: LHB Luis Escribano 0-0: Called Strike
0-1: SINGLE (Groundball, 3D, EV 108.8 MPH)
Adam Bisset to third
Franck Morel to second
Batting: SHB Jason Pratt 0-0: Called Strike
0-1: Foul Ball, location: 2F
0-2: Ball
1-2: Fly out, F8 (Line Drive, 8LM, EV 104.4 MPH)
Runner from 3rd tags up, SCORES, no throw by CF
Batting: LHB Ramiro Palmeiro 0-0: Called Strike
0-1: Ball
1-1: DOUBLE (Line Drive, 78XD, EV 101.2 MPH)
Franck Morel scores
Luis Escribano to third
Batting: SHB Aubrey Magee 0-0: Ball
1-0: Ball
2-0: Ball
3-0: Base on Balls
Batting: RHB Barend Huijbregts 0-0: Called Strike
0-1: Fielders Choice at 2nd, 5-4 (Groundball, 56, EV 100.6 MPH)
Bottom of the 2nd over - 2 runs, 4 hits, 0 errors, 3 left on base; Billings 3 - Squirrel Hill 2
TOP OF THE 3RD
Billings Polar Bears batting - Pitching for Squirrel Hill Pierogis : LHP Javier Vallejo
Batting: RHB Danny Hensley 0-0: Ground out 3-1 (Groundball, 34, EV 85.0 MPH)
Batting: RHB Luke Crawford 0-0: TRIPLE (Line Drive, 9LD, EV 103.1 MPH)
Batting: LHB Carlos Rosário 0-0: SINGLE (Line Drive, 89S, EV 100.6 MPH)
Luke Crawford scores
Batting: RHB Kelly Johnson 0-0: Foul Ball, location: 2F
0-1: Called Strike
0-2: Foul Ball, location: 2F
0-2: Ball
1-2: Ball
2-2: Foul Ball, location: 2F
2-2: Ball
3-2: Base on Balls
Carlos Rosário to second
Batting: LHB Augusto Reyes 0-0: Ball
1-0: Foul Ball, location: 2F
1-1: Ball
2-1: Fielders Choice at 2nd, 1-4 (Groundball, 15S, EV 67.5 MPH)
Carlos Rosário to third
Batting: SHB Leonardo Rodríguez 0-0: Ball
1-0: Ball
2-0: Ball
3-0: Base on Balls
Augusto Reyes to second
Batting: LHB Armando Ventura 0-0: Swinging Strike
0-1: Foul Ball, location: 2F
0-2: Foul Ball, location: 2F
0-2: Ball
1-2: Strikes out swinging
Top of the 3rd over - 1 run, 2 hits, 0 errors, 3 left on base; Billings 4 - Squirrel Hill 2
BOTTOM OF THE 3RD
Squirrel Hill Pierogis batting - Pitching for Billings Polar Bears : LHP Carlos Menéndez
Batting: RHB Jerry Williams 0-0: Foul Ball, location: 2F
0-1: Ball
1-1: Ball
2-1: Fly out, F9 (Flyball, 9LMF, EV 86.2 MPH)
Batting: SHB Ron Carlisle 0-0: Ball
1-0: Ground out 6-3 (Groundball, 6M, EV 84.4 MPH)
Batting: LHB Adam Bisset 0-0: Called Strike
0-1: Ball
1-1: Called Strike
1-2: Ball
2-2: Ball
3-2: DOUBLE (Line Drive, 7LD, EV 105.6 MPH)
Batting: RHB Franck Morel 0-0: Swinging Strike
0-1: Ball
1-1: Swinging Strike
1-2: Ball
2-2: Ball
3-2: Foul Ball, location: 2F
3-2: Fly out, F9 (Flyball, 89S, EV 83.1 MPH)
Bottom of the 3rd over - 0 runs, 1 hit, 0 errors, 1 left on base; Billings 4 - Squirrel Hill 2
TOP OF THE 4TH
Billings Polar Bears batting - Pitching for Squirrel Hill Pierogis : LHP Javier Vallejo
Batting: RHB Scot Roberts 0-0: Foul Ball, location: 2F
0-1: Ball
1-1: Ball
2-1: Ground out 4-3 (Groundball, 4, EV 100.0 MPH)
Batting: RHB Rubén Balderas 0-0: Ball
1-0: Ball
2-0: Ball
3-0: Foul Ball, location: 2F
3-1: Called Strike
3-2: Foul Ball, location: 2F
3-2: Strikes out swinging
Batting: RHB Danny Hensley 0-0: Ball
1-0: Foul Ball, location: 2F
1-1: Ball
2-1: DOUBLE (Line Drive, 9LM, EV 100.6 MPH)
Batting: RHB Luke Crawford 0-0: Ball
1-0: Swinging Strike
1-1: Ball
Wild Pitch!
Danny Hensley to third
2-1: Fly out, F9 (Line Drive, 9, EV 111.9 MPH)
Top of the 4th over - 0 runs, 1 hit, 0 errors, 1 left on base; Billings 4 - Squirrel Hill 2
BOTTOM OF THE 4TH
Squirrel Hill Pierogis batting - Pitching for Billings Polar Bears : LHP Carlos Menéndez
Batting: LHB Luis Escribano 0-0: Ground out U3 (Groundball, 3, EV 105.0 MPH)
Batting: SHB Jason Pratt 0-0: Ball
1-0: Swinging Strike
1-1: Ball
2-1: Fly out, F2 (Popup, 15S, EV 75.6 MPH)
Batting: LHB Ramiro Palmeiro 0-0: Ball
1-0: Ball
2-0: Called Strike
2-1: Fly out, F8 (Flyball, 8LM, EV 90.0 MPH)
Bottom of the 4th over - 0 runs, 0 hits, 0 errors, 0 left on base; Billings 4 - Squirrel Hill 2
TOP OF THE 5TH
Billings Polar Bears batting - Pitching for Squirrel Hill Pierogis : LHP Javier Vallejo
Batting: LHB Carlos Rosário 0-0: Called Strike
0-1: Fly out, F9 (Flyball, 9, EV 86.9 MPH)
Batting: RHB Kelly Johnson 0-0: Ground out 6-3 (Groundball, 6, EV 99.4 MPH)
Batting: LHB Augusto Reyes 0-0: Ball
1-0: Ball
2-0: Ground out 4-3 (Groundball, 4, EV 86.2 MPH)
Top of the 5th over - 0 runs, 0 hits, 0 errors, 0 left on base; Billings 4 - Squirrel Hill 2
BOTTOM OF THE 5TH
Squirrel Hill Pierogis batting - Pitching for Billings Polar Bears : LHP Carlos Menéndez
Batting: SHB Aubrey Magee 0-0: Foul Ball, location: 2F
0-1: Called Strike
0-2: Ball
1-2: DOUBLE (Flyball, 8LXD, EV 103.8 MPH)
Batting: RHB Barend Huijbregts 0-0: Fly out, F9 (Flyball, 9S, EV 86.2 MPH)
Batting: RHB Jerry Williams 0-0: Swinging Strike
0-1: Ball
1-1: Swinging Strike
1-2: DOUBLE (Line Drive, 5D, EV 95.6 MPH)
Aubrey Magee scores
Batting: SHB Ron Carlisle 0-0: Called Strike
0-1: Fly out, F3 (Popup, 23F, EV 86.2 MPH)
Batting: LHB Adam Bisset 0-0: Called Strike
0-1: Called Strike
0-2: Fly out, F7 (Flyball, 7S, EV 81.9 MPH)
Bottom of the 5th over - 1 run, 2 hits, 0 errors, 1 left on base; Billings 4 - Squirrel Hill 3
TOP OF THE 6TH
Billings Polar Bears batting - Pitching for Squirrel Hill Pierogis : LHP Javier Vallejo
Batting: SHB Leonardo Rodríguez 0-0: Ball
1-0: Called Strike
1-1: Foul Ball, location: 2F
1-2: Ball
2-2: SINGLE (Line Drive, 8LS, EV 92.5 MPH)
Pitching: RHP Juan Valseca
Batting: LHB Armando Ventura 0-0: Ball
1-0: Bunted foul
1-1: Sac Bunt to 15 - play at first, batter OUT! 1-4
Leonardo Rodríguez to second
Batting: RHB Scot Roberts 0-0: Ball
1-0: Swinging Strike
1-1: Ball
2-1: Hit by Pitch
Batting: RHB Rubén Balderas 0-0: Foul Ball, location: 2F
0-1: Called Strike
0-2: Strikes out swinging
Batting: RHB Danny Hensley 0-0: SINGLE (Line Drive, 4MD, EV 97.5 MPH)
Leonardo Rodríguez to third
Scot Roberts to second
Runner from 3rd tries for Home, SAFE, throw by CF to home
Batting: RHB Luke Crawford 0-0: Swinging Strike
0-1: Ball
1-1: Ground out 1-3 (Groundball, 15, EV 78.8 MPH)
Top of the 6th over - 1 run, 2 hits, 0 errors, 2 left on base; Billings 5 - Squirrel Hill 3
BOTTOM OF THE 6TH
Squirrel Hill Pierogis batting - Pitching for Billings Polar Bears : LHP Carlos Menéndez
Batting: RHB Franck Morel 0-0: Ball
1-0: Ball
2-0: Fly out, F8 (Flyball, 89D, EV 89.4 MPH)
Batting: LHB Luis Escribano 0-0: Ball
1-0: Called Strike
1-1: Ground out U3 (Groundball, 3L, EV 88.8 MPH)
Batting: SHB Jason Pratt 0-0: Foul Ball, location: 2F
0-1: Ground out 6-3 (Groundball, 6S, EV 67.5 MPH)
Bottom of the 6th over - 0 runs, 0 hits, 0 errors, 0 left on base; Billings 5 - Squirrel Hill 3
TOP OF THE 7TH
Billings Polar Bears batting - Pitching for Squirrel Hill Pierogis : RHP Juan Valseca
Batting: LHB Carlos Rosário 0-0: Ball
1-0: Ball
2-0: Fly out, F8 (Flyball, 8LXD, EV 86.9 MPH)
Batting: RHB Kelly Johnson 0-0: Ball
1-0: Swinging Strike
1-1: Called Strike
1-2: Ball
2-2: Strikes out swinging
Batting: LHB Augusto Reyes 0-0: Called Strike
0-1: Ball
1-1: SINGLE (Groundball, 34D, EV 105.0 MPH)
Batting: SHB Leonardo Rodríguez 0-0: Swinging Strike
0-1: Swinging Strike
0-2: Strikes out looking
Top of the 7th over - 0 runs, 1 hit, 0 errors, 1 left on base; Billings 5 - Squirrel Hill 3
BOTTOM OF THE 7TH
Squirrel Hill Pierogis batting - Pitching for Billings Polar Bears : LHP Carlos Menéndez
Batting: LHB Ramiro Palmeiro 0-0: Called Strike
0-1: Ball
1-1: Ball
2-1: Fly out, F8 (Line Drive, 8RD, EV 89.4 MPH)
Batting: SHB Aubrey Magee 0-0: Foul Ball, location: 2F
0-1: SINGLE (Line Drive, 6MD, EV 104.4 MPH)
Batting: RHB Barend Huijbregts 0-0: Ball
1-0: Called Strike
1-1: Fly out, F7 (Flyball, 7LM, EV 103.1 MPH)
Batting: RHB Jerry Williams 0-0: Called Strike
0-1: Ball
1-1: Ball
2-1: 2-RUN HOME RUN (Flyball, 78XD, EV 105.6 MPH), Distance : 424 ft
Pitching: RHP Peter Kossan
Batting: SHB Ron Carlisle 0-0: Called Strike
0-1: Ball
1-1: Foul Ball, location: 2F
1-2: Strikes out looking
Bottom of the 7th over - 2 runs, 2 hits, 0 errors, 0 left on base; Billings 5 - Squirrel Hill 5
TOP OF THE 8TH
Billings Polar Bears batting - Pitching for Squirrel Hill Pierogis : RHP Juan Valseca
Batting: LHB Armando Ventura 0-0: Foul Ball, location: 2F
0-1: Swinging Strike
0-2: SINGLE (Groundball, 6MD, EV 100.6 MPH)
Batting: RHB Scot Roberts 0-0: Bunted foul
0-1: Sac Bunt to 3S - play at first, batter OUT! 3-1
Armando Ventura to second
Batting: RHB Rubén Balderas 0-0: Fly out, F9 (Line Drive, 89M, EV 94.4 MPH)
Batting: RHB Danny Hensley 0-0: Ball
1-0: Foul Ball, location: 2F
1-1: Ball
2-1: Ball
3-1: Foul Ball, location: 2F
3-2: Ground out 4-3 (Groundball, 4, EV 79.4 MPH)
Top of the 8th over - 0 runs, 1 hit, 0 errors, 1 left on base; Billings 5 - Squirrel Hill 5
BOTTOM OF THE 8TH
Squirrel Hill Pierogis batting - Pitching for Billings Polar Bears : RHP Peter Kossan
Batting: LHB Adam Bisset 0-0: Called Strike
0-1: Ball
1-1: Ball
2-1: Called Strike
2-2: Strikes out swinging
Batting: RHB Franck Morel 0-0: Fly out, F9 (Flyball, 9S, EV 88.1 MPH)
Batting: LHB Luis Escribano 0-0: Ball
1-0: Called Strike
1-1: Fly out, F7 (Flyball, 7LS, EV 90.6 MPH)
Bottom of the 8th over - 0 runs, 0 hits, 0 errors, 0 left on base; Billings 5 - Squirrel Hill 5
TOP OF THE 9TH
Billings Polar Bears batting - Pitching for Squirrel Hill Pierogis : RHP Juan Valseca
Pitching: RHP Joel Baxter
Batting: RHB Luke Crawford 0-0: Called Strike
0-1: Ball
1-1: Swinging Strike
1-2: Strikes out swinging
Batting: LHB Carlos Rosário 0-0: Ball
1-0: Ball
2-0: Foul Ball, location: 2F
2-1: Ball
3-1: Foul Ball, location: 2F
3-2: SINGLE (Groundball, 4MD, EV 105.0 MPH)
Batting: RHB Kelly Johnson 0-0: Foul Ball, location: 2F
0-1: Swinging Strike
0-2: Ball
1-2: Strikes out swinging
Batting: LHB Augusto Reyes 0-0: Ball
1-0: Swinging Strike
1-1: Swinging Strike
Passed Ball!
Carlos Rosário to second
1-2: Ground out U3 (Groundball, 34, EV 103.8 MPH)
Top of the 9th over - 0 runs, 1 hit, 0 errors, 1 left on base; Billings 5 - Squirrel Hill 5
BOTTOM OF THE 9TH
Squirrel Hill Pierogis batting - Pitching for Billings Polar Bears : RHP Peter Kossan
Pitching: LHP Arturo Cuellar
Batting: SHB Jason Pratt 0-0: Ground out 1-3 (Groundball, 15S, EV 66.9 MPH)
Batting: LHB Ramiro Palmeiro 0-0: Foul Ball, location: 2F
0-1: Swinging Strike
0-2: Foul Ball, location: 2F
0-2: SINGLE (Line Drive, 56, EV 105.6 MPH)
Batting: SHB Aubrey Magee 0-0: Called Strike
0-1: Ball
1-1: Ball
2-1: Ball
3-1: Foul Ball, location: 2F
3-2: Foul Ball, location: 2F
3-2: Base on Balls
Ramiro Palmeiro to second
Batting: RHB Barend Huijbregts 0-0: SINGLE (Line Drive, 3D, EV 101.2 MPH)
Ramiro Palmeiro to third
Aubrey Magee to second
Runner from 3rd tries for Home, SAFE, no throw by RF
Tuesday, January 5th, 2021 - OOTP Baseball 20.8 Build 74